 Dungeon Crawl Stone Soup version 0.32-a0-599-gba8f9cf90e (console) character file.

Game seed: 5695961986861977240

4426 liriel the Thaumaturge (level 10, -3/50 HPs)
             Began as a Deep Elf Wanderer on Mar 3, 2024.
             Was a Follower of Kikubaaqudgha.
             Slain by a vampire mosquito (10 damage)
             ... on level 9 of the Dungeon.
             The game lasted 00:27:03 (11224 turns).

liriel the Thaumaturge (Deep Elf Wanderer)         Turns: 11224, Time: 00:27:03

Health: -3/50      AC:  3    Str:  8    XL:     10   Next: 14%
Magic:  18/30      EV: 12    Int: 23    God:    Kikubaaqudgha [*.....]
Gold:   558        SH:  0    Dex: 14    Spells: 21/38 levels left

rFire   . . .        t - staff of death
rCold   . . .        (no shield)
rNeg    + . .        f - +0 robe
rPois   .            (no helmet)
rElec   .            G - +0 cloak
rCorr   .            (no gloves)
SInv    .            (no boots)
Will    +....        y - amulet of regeneration
Stlth   +++          (no ring)
HPRegen 1.08/turn    (no ring)
MPRegen 0.22/turn

%: no passive effects
@: hasted, very quick
A: no striking features
a: Renounce Religion, Unearth Wretches


You were on level 9 of the Dungeon.
You worshipped Kikubaaqudgha.
Kikubaaqudgha was aware of your devotion.
You visited 2 branches of the dungeon, and saw 11 of its levels.
You also visited: Bailey.

You collected 558 gold pieces.

Inventory:

Hand Weapons
 a - a +0 dagger
Missiles
 b - an atropa-tipped dart (quivered)
 c - 2 datura-tipped darts
 i - 35 poisoned darts
Armour
 d - a +0 buckler
 f - a +0 robe (worn)
 G - a +0 cloak (worn)
Magical Staves
 t - a staff of death (weapon)
Jewellery
 y - an amulet of regeneration (around neck)
 C - a +5 ring of evasion
 D - an amulet of guardian spirit
Wands
 F - a wand of mindburst (5)
Scrolls
 h - 3 scrolls of enchant weapon {unknown}
 j - a scroll of fear
 m - 2 scrolls of fog {unknown}
 n - a scroll of noise {unknown}
 o - 2 scrolls of teleportation
 p - a scroll of poison
 s - a scroll of acquirement {unknown}
 u - 2 scrolls of torment {unknown}
 w - a scroll of brand weapon {unknown}
 A - a scroll of revelation {unknown}
 E - a scroll of amnesia {unknown}
Potions
 e - 3 potions of lignification
 g - a potion of invisibility
 k - 2 potions of heal wounds {unknown}
 l - 4 potions of haste
 q - 5 potions of curing
 r - 2 potions of magic
 v - a potion of brilliance
 x - a potion of enlightenment
 z - 2 potions of attraction {unknown}
 B - a potion of might


   Skills:
 - Level 1.2 Dodging
 - Level 6.0 Stealth
 - Level 1.0 Shields
 + Level 14.6 Spellcasting
 - Level 5.0 Conjurations
 - Level 5.0 Summonings
 - Level 5.0 Necromancy
 + Level 2.3 Ice Magic
 + Level 4.9 Alchemy
 - Level 1.1 Evocations


You had 21 spell levels left.
You knew the following spells:

 Your Spells              Type           Power      Damage    Failure   Level
a - Necrotise             Necr           100%       1d9       1%          1
b - Vampiric Draining     Necr           56%        2d10      1%          3
c - Call Canine Familiar  Summ           39%        N/A       1%          3
d - Summon Small Mammal   Summ           100%       N/A       1%          1
e - Fulminant Prism       Conj/Alch      19%        3d11      4%          4
f - Cigotuvi's Dreadful   Necr/Alch/Air  96%        N/A       1%          2
g - Frozen Ramparts       Ice            54%        1d9       4%          3

Your spell library contained the following spells:

 Spells                   Type           Power      Damage    Failure   Level
 Freeze                   Ice            100%       1d10      1%          1
 Sting                    Conj/Alch      100%       1d9       1%          1
 Sublimation of Blood     Necr           56%        N/A       1%          2
 Hailstorm                Conj/Ice       33%        3d8       2%          3
 Apportation              Tloc           32%        N/A       3%          1
 Animate Dead             Necr           56%        N/A       4%          4
 Sigil of Binding         Hex            16%        N/A       11%         3
 Volatile Blastmotes      Fire/Tloc      32%        2d12      11%         3
 Iskenderun's Mystic Bla  Conj/Tloc      28%        2d7       13%         4
 Dimensional Bullseye     Hex/Tloc       8%         N/A       34%         4


Dungeon Overview and Level Annotations

Branches:
Dungeon (10/15)            Temple (1/1) D:6             Orc (0/2) D:9
 Bailey (visited)
   Lair: D:8-11

Altars:
Ashenzari
Cheibriados
Dithmenos
Elyvilon
Fedhas
Gozag
Hepliaklqana
Kikubaaqudgha
Makhleb
Nemelex Xobeh
Okawaru
Qazlal
Ru
Sif Muna
Trog
Uskayaw
Vehumet
Wu Jian
Xom
Yredelemnul
Zin
The Shining One

Shops:
D:1 =   D:4 !   D:8 *

Annotations:
D:3 2 transporters, soberseth's ghost, weakling MDFE


Message History

A fulminant prism comes into view.
The vampire mosquito closely misses you.
The vampire mosquito bites you. x2; The vampire mosquito bites you!
The vampire mosquito draws strength from your injuries!
The vampire mosquito attacks as it pursues you!
The vampire mosquito bites you.
The vampire mosquito draws strength from your injuries!
Your fulminant prism crackles loudly.
The vampire mosquito bites you.
The vampire casts a spell.
The vampire flickers and vanishes!
Deactivating autopickup; reactivate with Ctrl-A.
Your fulminant prism explodes!
Kikubaaqudgha accepts your kill.
You feel a bit more experienced.
The blast of energy engulfs something!
The vampire mosquito bites you.
The vampire mosquito draws strength from your injuries!
There is a stone staircase leading up here.
The vampire mosquito bites you!
The vampire mosquito draws strength from your injuries!
The vampire mosquito bites you.
* * * LOW HITPOINT WARNING * * *
The vampire mosquito draws strength from your injuries!
The vampire mosquito bites you.
* * * LOW HITPOINT WARNING * * *
The vampire mosquito bites you but does no damage.
You climb upwards.
Reactivating autopickup.
There is a stone staircase leading down here.
Okay, then.
Unknown command.
Okay, then.
Unknown command.
It was a potion of haste.
You feel yourself speed up. The vampire mosquito bites you!
* * * LOW HITPOINT WARNING * * *
The vampire mosquito draws strength from your injuries!
The vampire mosquito bites you!
You die...
Kikubaaqudgha rasps: You have failed me!
Welcome... death!

# # #
#################################
.................................
.................................
.................................
######.........y.y...............
# #..........@................ #
#...........#########....... #
#.#####'##..#.......#......<
######.#......####.......#.......
.......#.................#.......
.......'.................#...####
..######.................#...#...
..#......................#...#...
..#......................#...##..


You could see 2 vampire mosquitoes.

Vanquished Creatures
  A two-headed ogre (D:9)
  Maurice (D:8)
  A troll (D:9)
  A hornet (D:10)
  A wraith (D:9)
  A warg (D:9)
  A steam dragon (D:8)
  A vampire mosquito (D:10)
  A water moccasin (D:9)
  An orc warrior (D:9)
  A sky beast (D:8)
  2 wolves (D:9)
  2 ogres
  A centaur (D:10)
  2 kobold brigands
  A gnoll sergeant (D:7)
  Blork the orc (D:4)
  A bullfrog (D:6)
  5 killer bees (D:8)
  2 howler monkeys
  2 hounds
  3 orc priests
  A bombardier beetle (D:6)
  A jelly (D:7)
  3 iguanas
  A sleepcap (D:5)
  5 orc wizards
  7 adders
  3 dart slugs
  2 ribbon worms (D:4)
  26 orcs
  6 ball pythons
  9 bats
  4 endoplasms (D:1)
  9 goblins
  7 hobgoblins
  4 quokkas
  9 kobolds
  4 rats
134 creatures vanquished.

Vanquished Creatures (collateral kills)
  A wyvern (D:8)
  Edmund (D:6)
  An orc warrior (D:8)
  An ogre (D:4)
  A phantom (D:5)
  An orc priest (D:8)
  3 gnolls (D:7)
  A shadow imp (D:8)
  A white imp (D:5)
  An orc (Bailey)
  3 bats (D:5)
  A frilled lizard (D:1)
16 creatures vanquished.

Vanquished Creatures (others)
  31 fulminant prisms
31 creatures vanquished.

Grand Total: 181 creatures vanquished

Notes
Turn   | Place    | Note
-------+----------+-------------------------------------------
     0 | D:1      | liriel the Deep Elf Wanderer began the quest for the Orb.
     0 | D:1      | liriel set off with the following items: a +0 dagger, an
                  | atropa-tipped dart, 2 datura-tipped darts, a +0 buckler, a
                  | potion of lignification, a +0 robe; and the following spell
                  | memorised: Necrotise; and the following spells available to
                  | memorise: Vampiric Draining.
     0 | D:1      | Reached XP level 1. HP: 10/10 MP: 5/5
   149 | D:1      | Reached skill level 2 in Spellcasting
   300 | D:1      | Reached XP level 2. HP: 15/15 MP: 0/7
   636 | D:1      | Found Ecwuoly's One-of-a-Kind Rings.
  1051 | D:1      | Reached skill level 3 in Spellcasting
  1400 | D:2      | Reached XP level 3. HP: 19/19 MP: 5/9
  1845 | D:2      | Learned a level 3 spell: Vampiric Draining
  2547 | D:3      | Reached XP level 4. HP: 24/24 MP: 8/11
  2650 | D:3      | Identified the +10 trident of the Salmon {venom, rPois rC+
                  | Int+4 Dex+2}
  2650 | D:3      | Identified the +4 ring mail "Cutwyes" {Will+ Int+4}
  2650 | D:3      | Noticed a gnoll sergeant
  2677 | D:3      | Reached skill level 4 in Spellcasting
  2761 | D:3      | Found a transporter.
  2761 | D:3      | Found a transporter.
  2771 | D:3      | Noticed soberseth's ghost (weakling MDFE)
  3462 | D:4      | Noticed Blork the orc
  3463 | D:4      | Found a white marble altar of Elyvilon.
  3537 | D:4      | Killed Blork the orc
  3538 | D:4      | Reached skill level 5 in Spellcasting
  3538 | D:4      | Reached XP level 5. HP: 18/28 MP: 6/14
  3652 | D:4      | Noticed an ogre
  3767 | D:4      | Found Hayd's Distillery.
  3986 | D:4      | Reached skill level 5 in Necromancy
  4106 | D:4      | Found a sacrificial altar of Ru.
  4106 | D:4      | Found a hazy altar of Hepliaklqana.
  4108 | D:4      | Found a glowing silver altar of Zin.
  4109 | D:4      | Found a blossoming altar of Fedhas.
  4283 | D:5      | Entered Level 5 of the Dungeon
  4365 | D:5      | Noticed an ogre
  4371 | D:5      | Learned a level 3 spell: Call Canine Familiar
  4522 | D:5      | Reached XP level 6. HP: 32/32 MP: 12/16
  4824 | D:5      | Reached skill level 6 in Spellcasting
  5311 | D:5      | Reached skill level 1 in Summonings
  5571 | D:6      | Noticed Edmund
  5766 | D:5      | Learned a level 1 spell: Summon Small Mammal
  5961 | D:5      | Reached skill level 7 in Spellcasting
  5961 | D:5      | Reached XP level 7. HP: 36/36 MP: 16/19
  5991 | D:6      | Found a staircase to the Ecumenical Temple.
  6015 | Temple   | Entered the Ecumenical Temple
  6024 | Temple   | Became a worshipper of Kikubaaqudgha
  6088 | D:6      | Killed Edmund
  6302 | D:6      | Found a shimmering altar of Xom.
  6476 | D:6      | Reached skill level 8 in Spellcasting
  6879 | D:4      | Reached skill level 5 in Summonings
  6879 | D:4      | Reached XP level 8. HP: 41/41 MP: 17/22
  6990 | D:6      | Reached skill level 9 in Spellcasting
  7511 | D:7      | Reached skill level 10 in Spellcasting
  7560 | D:7      | Learned a level 4 spell: Fulminant Prism
  7633 | D:7      | Noticed a deep elf pyromancer
  7777 | D:8      | Found Aloif's Demolitions Depot.
  7839 | D:8      | Reached skill level 1 in Conjurations
  7924 | D:8      | Found a flagged portal.
  7931 | Bailey   | Entered a bailey
  8328 | D:8      | Noticed Maurice
  8424 | D:8      | Reached skill level 11 in Spellcasting
  8779 | D:8      | Reached XP level 9. HP: 25/45 MP: 19/26
  8929 | D:8      | Found a shimmering blue altar of Sif Muna.
  9121 | D:8      | Reached skill level 5 in Conjurations
  9775 | D:9      | Noticed a two-headed ogre
  9787 | D:9      | Killed a two-headed ogre
  9788 | D:9      | Reached skill level 12 in Spellcasting
 10133 | D:9      | Reached skill level 13 in Spellcasting
 10172 | D:9      | Reached * piety under Kikubaaqudgha
 10172 | D:9      | Received a gift from Kikubaaqudgha
 10275 | D:9      | Learned a level 2 spell: Cigotuvi's Dreadful Rot
 10325 | D:9      | Noticed a troll
 10332 | D:9      | Killed a troll
 10333 | D:9      | Reached skill level 14 in Spellcasting
 10395 | D:9      | Found a staircase to the Orcish Mines.
 10486 | D:9      | Identified the +3 leather armour of the Blind Marksman {rF+
                  | Str+7 Int-2}
 10787 | D:9      | Learned a level 3 spell: Frozen Ramparts
 10914 | D:8      | Killed Maurice
 10915 | D:8      | Reached skill level 1 in Ice Magic
 10915 | D:8      | Reached XP level 10. HP: 42/50 MP: 9/30
 11059 | D:10     | Entered Level 10 of the Dungeon
 11224 | D:9      | Slain by a vampire mosquito

Illustrated notes

Levels and vault maps discovered:
D:1:      matt_arrival_grand_opening, layout_basic, nicolae_shop_unique_rings
D:2:      layout_basic, minmay_misc_feat_four_crosses
D:3:      layout_basic, gammafunk_ghost_gnarly_gnolls, feat_on_display
D:4:      layout_loops_ring, nicolae_elyvilon_temple_path, minitemple,
          serial_shops, nicolae_square_shop, uniq_blork_the_orc
D:5:      layout_basic, roderic_batcave, minmay_misc_feat_room
D:6:      layout_cave_pools, mainiacjoe_overflow_tiny_flanked,
          minmay_temple_entry_grid, grunt_decor_one_mirror, uniq_edmund
D:7:      minmay_chambers_of_fours, layout_basic, roderic_serpentine_path,
          st_stairs_11
D:8:      layout_basic, kennysheep_mini, enter_bailey_2,
          minmay_gold_behind_fungi, nicolae_blasting_shop,
          hangedman_glass_teeth, uniq_maurice
D:9:      layout_irregular_city, minmay_orc_entry_guard_dogs,
          kennysheep_crisscross, minivault_26
D:10:     lemuel_ogre_cave, layout_gridville, gammafunk_ghost_split
Temple:   eino_wide_crystal_templ

Skill      XL: |  1  2  3  4  5  6  7  8  9 10 |
---------------+-------------------------------+-----
Spellcasting   | 2 3 5 7 8 11 14 | 14.6
Necromancy     | 2 3 4 5 |  5.0
Summonings     | 2 5 |  5.0
Conjurations   | 4 5 |  5.0
Alchemy        | 4 |  4.9
Ice Magic      | 1 2 |  2.3
Dodging        | |  1.2
Stealth        | |  6.0
Shields        | |  1.0
Evocations     | |  1.1

Action                     |  1- 3 |  4- 6 |  7- 9 | 10-12 || total
---------------------------+-------+-------+-------+-------++-------
  Melee: Dagger            |     8 |     2 |       |       ||    10
         Staff             |       |     7 |    18 |       ||    25
   Cast: Necrotise         |    87 |   104 |   129 |     5 ||   325
         Vampiric Draining |       |     6 |    38 |     1 ||    45
         Call Canine Famil |       |     5 |    14 |       ||    19
         Fulminant Prism   |       |       |    25 |     6 ||    31
    Use: Scroll            |     1 |     3 |     9 |       ||    13
         Potion            |       |       |     1 |     2 ||     3
 Armour: Robe              |     6 |    40 |    76 |    19 ||   141
         Skin              |       |       |    48 |       ||    48
  Dodge: Dodged            |    14 |    38 |    68 |    12 ||   132
  Block: Buckler           |     3 |     4 |    20 |       ||    27

Table legend: (Time is in decaauts)
 A = Elapsed time spent in this place.
 B = Non-inter-level travel time spent in this place.
 C = Inter-level travel time spent in this place.
 D = Time resting spent in this place.
 E = Time spent auto-exploring this place.
 F = Levels seen in this place.
 G = Mean time per level.
                   A        B        C        D        E       F      G
               +--------+--------+--------+--------+--------+-----+--------+
         Total |  11239 |  10729 |    510 |   2121 |   6836 |  12 |  936.6 |
       Dungeon |  11153 |  10659 |    494 |   2111 |   6824 |  10 | 1115.3 |
        Temple |     18 |      2 |     16 |      0 |      0 |   1 |   18.0 |
        Bailey |     66 |     66 |      0 |     10 |     12 |   1 |   66.0 |
               +--------+--------+--------+--------+--------+-----+--------+

Top non-repeatable levels by time:
     D:8: 1946 daAuts
     D:5: 1636 daAuts
     D:4: 1476 daAuts
     D:9: 1394 daAuts
     D:1: 1302 daAuts
     D:6: 1048 daAuts
     D:2: 1002 daAuts
     D:3: 595 daAuts
     D:7: 587 daAuts
    D:10: 163 daAuts
  Bailey: 66 daAuts
  Temple: 18 daAuts
